[Event "Live Chess"]
[Site "Chess.com"]
[Date "2021.02.24"]
[Round "5"]
[White "Tirantes"]
[Black "AlexanderL"]
[Result "1/2-1/2"]
[CurrentPosition "8/k7/p7/8/p4R2/3K4/6P1/4r3 w - -"]
[Timezone "UTC"]
[ECO "A40"]
[ECOUrl "https://www.chess.com/openings/Modern-Defense-with-1-d4-2.c4"]
[UTCDate "2021.02.24"]
[UTCTime "02:29:54"]
[WhiteElo "2459"]
[BlackElo "2733"]
[TimeControl "2100+2"]
[Termination "Game drawn by agreement"]
[StartTime "02:29:54"]
[EndDate "2021.02.24"]
[EndTime "03:35:03"]
[Link "https://www.chess.com/live/game/7872826807"]

1. c4 g6 2. d4 Nf6 3. Nc3 d5 4. cxd5 Nxd5 5. e3 Bg7 6. Bc4 Nxc3 7. bxc3 c5 8. h4 Nc6 9. h5 Qc7 10. Bb3 Bf5 11. Ne2 O-O-O 12. Bb2 e5 13. Rc1 Rhe8 14. Kf1 Kb8 15. Kg1 gxh5 16. Rxh5 Bg6 17. Rh3 Qb6 18. Ba1 cxd4 19. cxd4 exd4 20. Nxd4 Nxd4 21. Bxd4 Bxd4 22. exd4 Rxd4 23. Qf3 Qd6 24. Qc3 a6 25. Re3 Rxe3 26. Qxe3 Re4 27. Qc3 Rh4 28. Qc8+ Ka7 29. Qc7 Rd4 30. Qc3 h5 31. Qe3 Qb6 32. Rc8 Rd6 33. Qe8 Qd4 34. Rc4 Qa1+ 35. Kh2 Re6 36. Qc8 Qe5+ 37. f4 Qd6 38. Qc5+ Qxc5 39. Rxc5 Rf6 40. Kg3 h4+ 41. Kf3 Bf5 42. Rc7 Be6 43. Bxe6 fxe6 44. Rh7 e5 45. Rxh4 b5 46. Ke4 exf4 47. Rxf4 Re6+ 48. Kd3 Re1 49. a4 bxa4 1/2-1/2

[Event "Live Chess"]
[Site "Chess.com"]
[Date "2021.02.24"]
[Round "5"]
[White "KyronGriffith"]
[Black "GGuseinov"]
[Result "0-1"]
[CurrentPosition "5bk1/p6p/2R3p1/1q1P1p2/3B4/1n6/6PP/2R4K w - -"]
[Timezone "UTC"]
[ECO "E76"]
[ECOUrl "https://www.chess.com/openings/Kings-Indian-Defense-Four-Pawns-Attack-5...O-O-6.Nf3"]
[UTCDate "2021.02.24"]
[UTCTime "02:30:12"]
[WhiteElo "2313"]
[BlackElo "2626"]
[TimeControl "2100+2"]
[Termination "GGuseinov won by resignation"]
[StartTime "02:30:12"]
[EndDate "2021.02.24"]
[EndTime "03:35:30"]
[Link "https://www.chess.com/live/game/7872827907"]

1. d4 Nf6 2. c4 g6 3. Nc3 Bg7 4. e4 d6 5. f4 O-O 6. Nf3 e5 7. fxe5 dxe5 8. d5 Na6 9. Bd3 c6 10. O-O cxd5 11. cxd5 Ne8 12. Kh1 Nd6 13. Bg5 f6 14. Bh4 Qe8 15. Qe2 Nc5 16. Bc2 b6 17. b4 Ba6 18. Qd1 Nd7 19. Bd3 Bxd3 20. Qxd3 Rc8 21. Nb5 Nxb5 22. Qxb5 Bh6 23. a4 Rf7 24. a5 bxa5 25. Rxa5 Rb8 26. Qa4 Bf8 27. Rb1 Nb6 28. Qa2 Nc8 29. Ra6 Nd6 30. Nd2 Rbb7 31. Nc4 Nxe4 32. Qc2 f5 33. Re6 Qc8 34. Rc6 Qb8 35. Bg3 Rxb4 36. Rc1 Rfb7 37. Na5 Rb2 38. Qd1 Rd2 39. Qxd2 Nxd2 40. Nxb7 Qxb7 41. Bxe5 Qb5 42. Bd4 Nb3 0-1

[Event "Live Chess"]
[Site "Chess.com"]
[Date "2021.02.24"]
[Round "5"]
[White "SmilyFace4"]
[Black "kingandqueen2017"]
[Result "1-0"]
[CurrentPosition "8/b4Np1/4p1p1/3pPk2/p4R2/P5P1/1r3PP1/6K1 b - -"]
[Timezone "UTC"]
[ECO "A45"]
[ECOUrl "https://www.chess.com/openings/Indian-Game"]
[UTCDate "2021.02.24"]
[UTCTime "02:30:15"]
[WhiteElo "2057"]
[BlackElo "2091"]
[TimeControl "2100+2"]
[Termination "SmilyFace4 won by checkmate"]
[StartTime "02:30:15"]
[EndDate "2021.02.24"]
[EndTime "03:25:20"]
[Link "https://www.chess.com/live/game/7872830235"]

1. d4 Nf6 2. Bf4 d5 3. e3 c5 4. c3 Nc6 5. Nd2 Bf5 6. Ngf3 e6 7. Qb3 Qc8 8. c4 cxd4 9. exd4 Be7 10. c5 O-O 11. Bd3 Nh5 12. Bg3 Bg6 13. O-O Nxg3 14. hxg3 b6 15. Bxg6 hxg6 16. cxb6 Rb8 17. a3 Rxb6 18. Qc3 a5 19. Rfc1 Qb7 20. Rab1 Rb8 21. Rc2 Qa6 22. Ne5 Nxe5 23. dxe5 a4 24. Rbc1 Bd8 25. Qd4 Rb5 26. Rc6 Qa8 27. R6c2 Bb6 28. Qd3 Ba7 29. Qc3 Qb7 30. Nf3 Rxb2 31. Rxb2 Qxb2 32. Qxb2 Rxb2 33. Rc8+ Kh7 34. Ng5+ Kh6 35. Nxf7+ Kh5 36. Rh8+ Kg4 37. Rh4+ Kf5 38. Rf4# 1-0

[Event "Live Chess"]
[Site "Chess.com"]
[Date "2021.02.24"]
[Round "5"]
[White "twangbio"]
[Black "artliou"]
[Result "0-1"]
[CurrentPosition "8/8/8/2b5/8/5kqK/8/8 w - -"]
[Timezone "UTC"]
[ECO "B91"]
[ECOUrl "https://www.chess.com/openings/Sicilian-Defense-Open-Najdorf-Zagreb-Variation-6...g6"]
[UTCDate "2021.02.24"]
[UTCTime "02:30:09"]
[WhiteElo "1944"]
[BlackElo "2200"]
[TimeControl "2100+2"]
[Termination "artliou won by checkmate"]
[StartTime "02:30:09"]
[EndDate "2021.02.24"]
[EndTime "03:38:06"]
[Link "https://www.chess.com/live/game/7872831165"]

1. e4 c5 2. Nf3 d6 3. d4 cxd4 4. Nxd4 Nf6 5. Nc3 a6 6. g3 g6 7. Bg2 Bg7 8. O-O O-O 9. h3 Qc7 10. Be3 Nc6 11. Nde2 b5 12. a3 Bb7 13. Qd2 Rfd8 14. Rad1 Ne5 15. b3 Rac8 16. f4 Ned7 17. Rfe1 Nc5 18. Nd5 Bxd5 19. exd5 Nce4 20. Qd4 Nc3 21. Qxc3 Qxc3 22. Nxc3 Rxc3 23. Bd4 Rxc2 24. Rxe7 Ra2 25. Ra1 Rd2 26. Bc3 Rd3 27. Rc7 Rxg3 28. Bxf6 Bxf6 29. Rb1 Rc3 30. Rc6 a5 31. Ra6 b4 32. Rxa5 bxa3 33. Rxa3 Rb8 34. Ra6 Bd4+ 35. Kh2 Bc5 36. b4 Rxb4 37. Rxb4 Bxb4 38. Rb6 Bc5 39. Rc6 Kg7 40. Kh1 Kf6 41. Ra6 Rc4 42. Kh2 Rxf4 43. Kg3 Rb4 44. Ra8 h5 45. Rh8 h4+ 46. Kh2 Bf2 47. Bf3 Bg3+ 48. Kg2 Rb2+ 49. Kh1 Rh2+ 50. Kg1 Rxh3 51. Ra8 Rh2 52. Ra6 Rf2 53. Rxd6+ Bxd6 54. Kxf2 Kg5 55. Kg2 Kf4 56. Bd1 g5 57. Be2 Ke4 58. Bf3+ Kf4 59. Be2 f5 60. Kf2 g4 61. Kg2 Ke3 62. Kf1 Kd4 63. Bd1 Kxd5 64. Kg2 Ke4 65. Be2 Ke3 66. Bd1 h3+ 67. Kg1 g3 68. Bb3 f4 69. Bd5 f3 70. Bxf3 Kxf3 71. Kh1 g2+ 72. Kg1 Bc5+ 73. Kh2 g1=Q+ 74. Kxh3 Qg3# 0-1

[Event "Live Chess"]
[Site "Chess.com"]
[Date "2021.02.24"]
[Round "5"]
[White "David_Askin"]
[Black "J3Chess24"]
[Result "1/2-1/2"]
[CurrentPosition "8/8/8/3K2k1/8/8/8/8 w - -"]
[Timezone "UTC"]
[ECO "D11"]
[ECOUrl "https://www.chess.com/openings/Slav-Defense-Modern-Line-3...Nf6"]
[UTCDate "2021.02.24"]
[UTCTime "02:30:06"]
[WhiteElo "2049"]
[BlackElo "1943"]
[TimeControl "2100+2"]
[Termination "Game drawn by insufficient material"]
[StartTime "02:30:06"]
[EndDate "2021.02.24"]
[EndTime "03:44:20"]
[Link "https://www.chess.com/live/game/7872831513"]

1. d4 d5 2. Nf3 Nf6 3. c4 c6 4. Nc3 e6 5. e3 Nbd7 6. Bd3 dxc4 7. Bxc4 b5 8. Bd3 Bb7 9. O-O a6 10. e4 c5 11. d5 exd5 12. e5 Ne4 13. e6 fxe6 14. Bxe4 dxe4 15. Ng5 Nf6 16. Nxe6 Qxd1 17. Rxd1 Rc8 18. Be3 Rg8 19. Rac1 Be7 20. b3 h6 21. a4 Kf7 22. Nf4 g5 23. Nfd5 Nxd5 24. Nxd5 Bxd5 25. Rxd5 Ke6 26. Rdd1 Rgd8 27. axb5 axb5 28. Kf1 c4 29. bxc4 Rxd1+ 30. Rxd1 bxc4 31. Ke2 c3 32. Ra1 c2 33. Kd2 Bb4+ 34. Kc1 Rc3 35. Kb2 c1=Q+ 36. Bxc1 Rc6 37. Ra4 Bc3+ 38. Kb3 Be5 39. Be3 Rc3+ 40. Kb4 Kf5 41. Ra5 Rd3 42. Kc4 Rc3+ 43. Kb4 Rd3 44. g4+ Ke6 45. Ra6+ Rd6 46. Rxd6+ Bxd6+ 47. Kc4 Bxh2 48. Kd4 Be5+ 49. Kxe4 Bd6 50. Bd4 Bf8 51. Bc3 Kf7 52. Kf5 Be7 53. f3 Bd6 54. Bf6 Bc7 55. Bb2 Bd6 56. Bc3 Be7 57. Be5 Bd8 58. Bd6 Bb6 59. Bb4 Bc7 60. Bc3 Bd6 61. Bd4 Be7 62. Be3 Bd6 63. Bd2 Bc7 64. Bc1 Bd6 65. Bxg5 hxg5 66. Kxg5 Kg7 67. f4 Be7+ 68. Kf5 Kf7 69. g5 Kg7 70. Ke6 Bxg5 71. fxg5 Kg6 72. Kd5 Kxg5 1/2-1/2

[Event "Live Chess"]
[Site "Chess.com"]
[Date "2021.02.24"]
[Round "5"]
[White "stratus_junior"]
[Black "mwncklmann"]
[Result "1-0"]
[CurrentPosition "7Q/pq3r1k/bn2p1p1/5p1p/3BP3/2N2PP1/PP4KP/3R4 b - -"]
[Timezone "UTC"]
[ECO "D30"]
[ECOUrl "https://www.chess.com/openings/Queens-Gambit-Declined-3.Nf3-Nf6"]
[UTCDate "2021.02.24"]
[UTCTime "02:30:25"]
[WhiteElo "2043"]
[BlackElo "1947"]
[TimeControl "2100+2"]
[Termination "stratus_junior won by checkmate"]
[StartTime "02:30:25"]
[EndDate "2021.02.24"]
[EndTime "03:42:11"]
[Link "https://www.chess.com/live/game/7872831799"]

1. d4 d5 2. c4 e6 3. Nf3 Nf6 4. g3 Be7 5. Bg2 O-O 6. O-O dxc4 7. Ne5 Nc6 8. Bxc6 bxc6 9. Nxc6 Qe8 10. Nxe7+ Qxe7 11. Qa4 c5 12. Qxc4 cxd4 13. Qxd4 Rd8 14. Qh4 h6 15. Nc3 Bb7 16. e4 Rac8 17. Be3 Rc4 18. f3 Rd3 19. Rfe1 Qb4 20. Rab1 Kh7 21. Qh3 Nd7 22. Qf1 Ne5 23. Qe2 Rd7 24. Rbd1 Ba6 25. Rxd7 Nxd7 26. Qc2 Qb7 27. Rd1 g6 28. Kg2 Nb6 29. Qd2 h5 30. Bd4 Rc7 31. Qg5 f5 32. Qf6 Rf7 33. Qh8# 1-0

[Event "Live Chess"]
[Site "Chess.com"]
[Date "2021.02.24"]
[Round "5"]
[White "ninjaforce"]
[Black "Joseph_Truelsons_Fan"]
[Result "0-1"]
[CurrentPosition "8/5p1k/p5pP/4pbn1/2rp4/5PK1/PP1R4/7R w - -"]
[Timezone "UTC"]
[ECO "B90"]
[ECOUrl "https://www.chess.com/openings/Sicilian-Defense-Open-Najdorf-Variation-6.f3"]
[UTCDate "2021.02.24"]
[UTCTime "02:32:42"]
[WhiteElo "1994"]
[BlackElo "1852"]
[TimeControl "2100+2"]
[Termination "Joseph_Truelsons_Fan won by resignation"]
[StartTime "02:32:42"]
[EndDate "2021.02.24"]
[EndTime "03:15:28"]
[Link "https://www.chess.com/live/game/7872854141"]

1. e4 c5 2. Nf3 d6 3. d4 cxd4 4. Nxd4 Nf6 5. Nc3 a6 6. f3 e5 7. Nb3 Be6 8. Be3 Be7 9. Qd2 O-O 10. g4 h6 11. O-O-O b5 12. h4 Nbd7 13. g5 Nh5 14. gxh6 g6 15. Rg1 Kh7 16. Bg5 Ndf6 17. Nd5 Nxd5 18. exd5 Bf5 19. Na5 Bxg5 20. hxg5 Nf4 21. Nc6 Qb6 22. Rh1 Rac8 23. c4 bxc4 24. Bxc4 Rxc6 25. dxc6 Qxc6 26. Qc3 Rc8 27. Kd2 Qxc4 28. Qxc4 Rxc4 29. Ke3 d5 30. Rd2 d4+ 31. Kf2 Nh3+ 32. Kg3 Nxg5 0-1

[Event "Live Chess"]
[Site "Chess.com"]
[Date "2021.02.24"]
[Round "5"]
[White "Mangonel"]
[Black "chessappeals"]
[Result "1-0"]
[CurrentPosition "8/2KP4/8/8/8/8/8/7k b - -"]
[Timezone "UTC"]
[ECO "E00"]
[ECOUrl "https://www.chess.com/openings/Catalan-Opening"]
[UTCDate "2021.02.24"]
[UTCTime "02:30:22"]
[WhiteElo "1785"]
[BlackElo "1531"]
[TimeControl "2100+2"]
[Termination "Mangonel won by resignation"]
[StartTime "02:30:22"]
[EndDate "2021.02.24"]
[EndTime "03:43:43"]
[Link "https://www.chess.com/live/game/7872834289"]

1. d4 Nf6 2. c4 e6 3. g3 c5 4. d5 exd5 5. cxd5 d6 6. Nc3 g6 7. Nf3 Bg7 8. Bg2 O-O 9. O-O Qe7 10. Bf4 Nbd7 11. Rb1 Ng4 12. Bg5 f6 13. Bd2 a6 14. b4 b6 15. a4 Nge5 16. Bf4 Nxf3+ 17. exf3 Ne5 18. Re1 Qc7 19. bxc5 bxc5 20. Re2 Bf5 21. Ne4 Bxe4 22. fxe4 Rab8 23. Bxe5 fxe5 24. Reb2 Rxb2 25. Rxb2 Rb8 26. Qb1 Rxb2 27. Qxb2 a5 28. Qb5 Kf8 29. Bh3 c4 30. Qc6 Qd8 31. Qxc4 Bh6 32. Be6 Bg5 33. h4 Be7 34. Kf1 Qb8 35. Qc8+ Qxc8 36. Bxc8 Kg7 37. Ke2 g5 38. hxg5 Bxg5 39. Kd3 h5 40. Kc4 Bd2 41. Kb5 Kf6 42. Kc6 Bb4 43. f4 exf4 44. gxf4 h4 45. Bh3 Ba3 46. Kb5 Bb4 47. Kc4 Bd2 48. Kb5 Bxf4 49. Kxa5 Ke5 50. Kb6 Kxe4 51. Kc6 Ke5 52. a5 Be3 53. a6 Bd4 54. Bg2 Bc5 55. Bh1 Bd4 56. Kb7 h3 57. a7 Bxa7 58. Kxa7 h2 59. Kb7 Kf4 60. Kc7 Ke5 61. Kd7 Kd4 62. Kxd6 Ke3 63. Kc7 Kf2 64. d6 Kg1 65. Bc6 h1=Q 66. Bxh1 Kxh1 67. d7 1-0

[Event "Live Chess"]
[Site "Chess.com"]
[Date "2021.02.24"]
[Round "5"]
[White "MechAnjin"]
[Black "GuyArgo"]
[Result "0-1"]
[CurrentPosition "6rk/pp4rp/1n6/3p4/8/P1Q2N2/1PRN2q1/2R4K w - -"]
[Timezone "UTC"]
[ECO "A80"]
[ECOUrl "https://www.chess.com/openings/Dutch-Defense-Hopton-Attack"]
[UTCDate "2021.02.24"]
[UTCTime "02:30:39"]
[WhiteElo "1545"]
[BlackElo "1830"]
[TimeControl "2100+2"]
[Termination "GuyArgo won by checkmate"]
[StartTime "02:30:39"]
[EndDate "2021.02.24"]
[EndTime "03:13:39"]
[Link "https://www.chess.com/live/game/7872834653"]

1. d4 f5 2. Bg5 d5 3. Nd2 Nd7 4. e3 Ngf6 5. Bd3 e6 6. Ngf3 Bd6 7. c4 c6 8. cxd5 cxd5 9. Rc1 O-O 10. O-O Qe8 11. Bxf6 gxf6 12. Qb3 Nb6 13. Bb5 Bd7 14. Bxd7 Qxd7 15. Rc2 Kh8 16. Rfc1 Rg8 17. g3 Rg4 18. Kf1 Rag8 19. Ke2 e5 20. dxe5 fxe5 21. a3 f4 22. exf4 exf4 23. Kf1 fxg3 24. hxg3 R4g7 25. Qc3 Qh3+ 26. Kg1 Bxg3 27. fxg3 Qxg3+ 28. Kh1 Qg2# 0-1

[Event "Live Chess"]
[Site "Chess.com"]
[Date "2021.02.24"]
[Round "5"]
[White "chessp1234"]
[Black "john_hartmann"]
[Result "1/2-1/2"]
[CurrentPosition "4rrk1/1pq3pp/p1nbp3/3p2B1/3Pb3/P3Q2P/BP1N1PP1/R3R1K1 b - -"]
[Timezone "UTC"]
[ECO "C05"]
[ECOUrl "https://www.chess.com/openings/French-Defense-Tarrasch-Closed-4.e5-Nfd7-5.c3"]
[UTCDate "2021.02.24"]
[UTCTime "02:30:44"]
[WhiteElo "1692"]
[BlackElo "1587"]
[TimeControl "2100+2"]
[Termination "Game drawn by agreement"]
[StartTime "02:30:44"]
[EndDate "2021.02.24"]
[EndTime "03:20:53"]
[Link "https://www.chess.com/live/game/7872834989"]

1. e4 e6 2. d4 d5 3. Nd2 Nf6 4. e5 Nfd7 5. c3 c5 6. Ndf3 Nc6 7. Bd3 cxd4 8. cxd4 f6 9. exf6 Nxf6 10. Ne2 Bd6 11. Nc3 O-O 12. O-O a6 13. Re1 Qc7 14. Bb1 Bd7 15. a3 Rae8 16. Qd3 Re7 17. Bg5 Be8 18. Ba2 Bg6 19. Qe3 Ree8 20. h3 Ne4 21. Nxe4 Bxe4 22. Nd2 Bg6 23. Nf3 Be4 24. Nd2 1/2-1/2

[Event "Live Chess"]
[Site "Chess.com"]
[Date "2021.02.24"]
[Round "5"]
[White "Kondsaga"]
[Black "3Ke31-0"]
[Result "1-0"]
[CurrentPosition "2r2k2/nb2n2p/1p1N2p1/pP6/P3Pb2/1B6/1B1NQPPP/4R1K1 b - -"]
[Timezone "UTC"]
[ECO "B22"]
[ECOUrl "https://www.chess.com/openings/Sicilian-Defense-Alapin-Variation-2...Nc6"]
[UTCDate "2021.02.24"]
[UTCTime "02:30:44"]
[WhiteElo "1947"]
[BlackElo "1941"]
[TimeControl "2100+2"]
[Termination "Kondsaga won by resignation"]
[StartTime "02:30:44"]
[EndDate "2021.02.24"]
[EndTime "03:13:40"]
[Link "https://www.chess.com/live/game/7872835287"]

1. e4 c5 2. c3 Nc6 3. Bd3 g6 4. Nf3 Bg7 5. O-O e6 6. Re1 d6 7. Bc2 Nge7 8. a3 O-O 9. d4 cxd4 10. cxd4 b6 11. Nc3 Bb7 12. b4 Rc8 13. Bb2 a5 14. b5 Na7 15. a4 e5 16. dxe5 dxe5 17. Qe2 Qc7 18. Rac1 Bh6 19. Rcd1 Rfd8 20. Bb3 Rd7 21. Rxd7 Qxd7 22. Nxe5 Qd2 23. Nxf7 Bf4 24. Nd6+ Kg7 25. Nb1+ Kf8 26. Nxd2 1-0

[Event "Live Chess"]
[Site "Chess.com"]
[Date "2021.02.24"]
[Round "5"]
[White "A-boy415"]
[Black "TNM2021"]
[Result "0-1"]
[CurrentPosition "r7/2B3K1/2p1p3/P1P5/4k3/1P1b1p2/8/8 w - -"]
[Timezone "UTC"]
[ECO "B36"]
[ECOUrl "https://www.chess.com/openings/Sicilian-Defense-Old-Sicilian-Open-Accelerated-Dragon-Variation"]
[UTCDate "2021.02.24"]
[UTCTime "02:30:34"]
[WhiteElo "1780"]
[BlackElo "1637"]
[TimeControl "2100+2"]
[Termination "TNM2021 won by resignation"]
[StartTime "02:30:34"]
[EndDate "2021.02.24"]
[EndTime "03:26:19"]
[Link "https://www.chess.com/live/game/7872835673"]

1. e4 c5 2. Nf3 g6 3. d4 cxd4 4. Nxd4 Nc6 5. Nc3 Bg7 6. Be3 Nf6 7. Be2 O-O 8. O-O d5 9. Qd2 Nxe4 10. Nxe4 dxe4 11. Nxc6 bxc6 12. Qxd8 Rxd8 13. c3 Be6 14. Ba6 Bc8 15. Bc4 Bb7 16. Rfd1 Kf8 17. Bxa7 Ke8 18. Bb6 Rxd1+ 19. Rxd1 Be5 20. a4 Bd6 21. a5 Ba6 22. Rd4 f5 23. Bg8 h6 24. Bh7 Kf7 25. c4 Kg7 26. c5 Be5 27. Rd7 Bf6 28. Bxg6 Kxg6 29. Rc7 Bb5 30. Rd7 Kf7 31. b3 Ke6 32. Rd1 Bc3 33. Rc1 Be5 34. g3 Kd5 35. Rd1+ Bd3 36. Kg2 e6 37. Kh3 Bd4 38. Rc1 Bxf2 39. Kh4 Be3 40. Ra1 Bg5+ 41. Kh5 e3 42. h4 Bf6 43. Re1 Ke4 44. Kxh6 Bc3 45. Rg1 e2 46. g4 e1=Q 47. Rxe1+ Bxe1 48. g5 Bxh4 49. g6 Bf6 50. Bc7 f4 51. g7 Bxg7+ 52. Kxg7 f3 0-1

[Event "Live Chess"]
[Site "Chess.com"]
[Date "2021.02.24"]
[Round "5"]
[White "dashrndrx"]
[Black "pgstar3"]
[Result "1/2-1/2"]
[CurrentPosition "6k1/6pp/pp1qn3/3p4/4pP2/4P1P1/PP1QN2P/6K1 b - -"]
[Timezone "UTC"]
[ECO "A11"]
[ECOUrl "https://www.chess.com/openings/English-Opening-Caro-Kann-Defensive-System-2.Nc3-d5"]
[UTCDate "2021.02.24"]
[UTCTime "02:30:44"]
[WhiteElo "1877"]
[BlackElo "1856"]
[TimeControl "2100+2"]
[Termination "Game drawn by repetition"]
[StartTime "02:30:44"]
[EndDate "2021.02.24"]
[EndTime "03:27:02"]
[Link "https://www.chess.com/live/game/7872835993"]

1. c4 c6 2. Nc3 d5 3. cxd5 cxd5 4. d4 Nf6 5. Bf4 Nc6 6. Nf3 a6 7. e3 Bg4 8. Be2 e6 9. O-O Bd6 10. Bxd6 Qxd6 11. Rc1 O-O 12. Na4 Rac8 13. Nc5 Rc7 14. Nd3 Ne4 15. Nfe5 Bxe2 16. Qxe2 Nxe5 17. Nxe5 Rfc8 18. Rxc7 Rxc7 19. f3 Nf6 20. Qd2 Nd7 21. Nd3 f6 22. Rc1 Rxc1+ 23. Nxc1 e5 24. Nb3 b6 25. dxe5 fxe5 26. g3 Nc5 27. Nc1 Ne6 28. f4 e4 29. Ne2 Nc5 30. Qd4 Ne6 31. Qd2 Nc5 32. Qd4 Ne6 33. Qd2 1/2-1/2

[Event "Live Chess"]
[Site "Chess.com"]
[Date "2021.02.24"]
[Round "5"]
[White "SebbyMeister"]
[Black "GM_Fobby_Bischer"]
[Result "1/2-1/2"]
[CurrentPosition "8/8/8/8/8/k4K2/8/8 w - -"]
[Timezone "UTC"]
[ECO "B22"]
[ECOUrl "https://www.chess.com/openings/Sicilian-Defense-Alapin-Variation-Barmen-Defense"]
[UTCDate "2021.02.24"]
[UTCTime "02:32:25"]
[WhiteElo "1770"]
[BlackElo "1725"]
[TimeControl "2100+2"]
[Termination "Game drawn by insufficient material"]
[StartTime "02:32:25"]
[EndDate "2021.02.24"]
[EndTime "03:46:53"]
[Link "https://www.chess.com/live/game/7872859655"]

1. e4 c5 2. c3 d5 3. exd5 Qxd5 4. Nf3 Bg4 5. Be2 e5 6. h3 Bh5 7. g4 Bg6 8. Qb3 Qxb3 9. axb3 Nc6 10. Bb5 Bd6 11. Na3 Ne7 12. Nc4 O-O-O 13. Na5 Nxa5 14. Rxa5 a6 15. Be2 h5 16. gxh5 Bxh5 17. d3 Rdg8 18. Be3 f5 19. Ng5 Nc6 20. Ra4 Bxe2 21. Kxe2 Rh5 22. Nf3 f4 23. Bd2 Kd7 24. Raa1 g5 25. Rag1 Ke6 26. Rg4 Be7 27. Rhg1 Kf5 28. h4 Na5 29. hxg5 Nxb3 30. g6 Rh3 31. Ng5 Rxg6 32. Nxh3 Rxg4 33. Rxg4 Kxg4 34. Ng1 Nxd2 35. Kxd2 b5 36. c4 bxc4 37. dxc4 Bf6 38. b3 e4 39. Ke2 Bd4 40. Ke1 e3 41. fxe3 Bxe3 42. Ne2 f3 43. Nc3 Kg3 44. Kf1 Kf4 45. Nd5+ Ke4 46. Ke1 Kd3 47. Kf1 Bd4 48. Nc7 a5 49. Ne6 Kc3 50. Ke1 f2+ 51. Kf1 Kxb3 52. Nxd4+ cxd4 53. c5 d3 54. Kxf2 Kc2 55. c6 d2 56. c7 d1=Q 57. c8=Q+ Kb2 58. Qh8+ Kb1 59. Qg7 Qd2+ 60. Kf3 a4 61. Qb7+ Qb2 62. Qe4+ Ka2 63. Qxa4+ Qa3+ 64. Qxa3+ Kxa3 1/2-1/2

[Event "Live Chess"]
[Site "Chess.com"]
[Date "2021.02.24"]
[Round "5"]
[White "KingSmasher35"]
[Black "Daniel_Perlov"]
[Result "1-0"]
[CurrentPosition "7Q/8/8/6R1/4B3/5P2/5kPK/6r1 b - -"]
[Timezone "UTC"]
[ECO "A45"]
[ECOUrl "https://www.chess.com/openings/Indian-Game"]
[UTCDate "2021.02.24"]
[UTCTime "02:30:41"]
[WhiteElo "1865"]
[BlackElo "1810"]
[TimeControl "2100+2"]
[Termination "KingSmasher35 won by resignation"]
[StartTime "02:30:41"]
[EndDate "2021.02.24"]
[EndTime "03:33:21"]
[Link "https://www.chess.com/live/game/7872836559"]

1. d4 Nf6 2. Bf4 g6 3. e3 Bg7 4. Nf3 d6 5. h3 O-O 6. c4 c5 7. Nc3 cxd4 8. exd4 Nbd7 9. Be2 a6 10. O-O b6 11. Re1 Bb7 12. Qd2 d5 13. b3 e6 14. Rac1 Rc8 15. Bh6 dxc4 16. Bxg7 Kxg7 17. bxc4 Ne4 18. Nxe4 Bxe4 19. Qe3 Nf6 20. Red1 Bb7 21. Ne5 b5 22. cxb5 Nd5 23. Qd2 axb5 24. Bxb5 Qh4 25. Nf3 Qf6 26. Qg5 Qxg5 27. Nxg5 Nc3 28. Rxc3 Rxc3 29. Rb1 h6 30. Bd7 hxg5 31. Rxb7 Rc1+ 32. Kh2 Re1 33. f3 Rd8 34. a4 Kg8 35. a5 Rd1 36. a6 Ra8 37. a7 Kg7 38. Bxe6 Kf6 39. Bd5 Rxa7 40. Rxa7 Rxd4 41. Rxf7+ Ke5 42. Be4 Rd6 43. Rg7 Kf4 44. Rxg6 Rd1 45. Rf6+ Ke3 46. Rf5 Kf2 47. Rxg5 Rg1 48. h4 Rc1 49. h5 Rc8 50. h6 Rc1 51. h7 Rg1 52. h8=Q 1-0

[Event "Live Chess"]
[Site "Chess.com"]
[Date "2021.02.24"]
[Round "5"]
[White "thedarkbishop"]
[Black "austin809"]
[Result "1-0"]
[CurrentPosition "2Q5/k1Q5/1N6/8/1P3K2/8/7p/8 b - -"]
[Timezone "UTC"]
[ECO "E80"]
[ECOUrl "https://www.chess.com/openings/Kings-Indian-Defense-Samisch-Variation-5...e5-6.d5"]
[UTCDate "2021.02.24"]
[UTCTime "02:32:10"]
[WhiteElo "1822"]
[BlackElo "1622"]
[TimeControl "2100+2"]
[Termination "thedarkbishop won by checkmate"]
[StartTime "02:32:10"]
[EndDate "2021.02.24"]
[EndTime "03:44:11"]
[Link "https://www.chess.com/live/game/7872855015"]

1. d4 Nf6 2. c4 g6 3. Nc3 Bg7 4. e4 d6 5. f3 e5 6. d5 c6 7. Be3 O-O 8. Bd3 b5 9. cxb5 cxd5 10. exd5 Nbd7 11. Nge2 Nb6 12. Bf2 Bb7 13. Be4 Nxe4 14. fxe4 Qd7 15. O-O f5 16. Bxb6 axb6 17. Rc1 fxe4 18. Rxf8+ Rxf8 19. Nxe4 Qxb5 20. Rc7 Qxd5 21. Qxd5+ Bxd5 22. N4c3 Ba8 23. Rd7 d5 24. Nxd5 Bxd5 25. Rxd5 Rb8 26. Rb5 e4 27. Kf2 Bh6 28. a4 Bg5 29. Rxg5 Kf7 30. Re5 Rc8 31. Rxe4 Rc7 32. Nc3 h5 33. h4 Rc6 34. Ke3 Kf6 35. g3 Kf5 36. Nd5 Rc2 37. b4 Rc1 38. Rf4+ Ke6 39. Nxb6 Rc3+ 40. Kd4 Rxg3 41. a5 Rg4 42. Ke4 Rxf4+ 43. Kxf4 Kf6 44. a6 g5+ 45. hxg5+ Kg6 46. a7 Kf7 47. a8=Q Ke6 48. Qe4+ Kd6 49. Qe5+ Kc6 50. Qc5+ Kb7 51. g6 h4 52. g7 h3 53. g8=Q h2 54. Qgc8+ Ka7 55. Q5c7# 1-0

[Event "Live Chess"]
[Site "Chess.com"]
[Date "2021.02.24"]
[Round "5"]
[White "rimus11"]
[Black "GiorgosTsolias"]
[Result "1-0"]
[CurrentPosition "1r4k1/R5p1/1p2p2p/2b1P3/8/3R1P2/PP1BKP1P/8 b - -"]
[Timezone "UTC"]
[ECO "C02"]
[ECOUrl "https://www.chess.com/openings/French-Defense-Advance-Variation-3...c5-4.c3-Nc6"]
[UTCDate "2021.02.24"]
[UTCTime "02:32:21"]
[WhiteElo "1498"]
[BlackElo "1634"]
[TimeControl "2100+2"]
[Termination "rimus11 won by resignation"]
[StartTime "02:32:21"]
[EndDate "2021.02.24"]
[EndTime "03:19:06"]
[Link "https://www.chess.com/live/game/7872855987"]

1. e4 e6 2. d4 d5 3. e5 c5 4. c3 Nc6 5. Bb5 Bd7 6. Bxc6 Bxc6 7. Nf3 Bb5 8. Na3 Qb6 9. Nxb5 Qxb5 10. Qe2 Qxe2+ 11. Kxe2 cxd4 12. cxd4 Ne7 13. Bg5 Nc6 14. Rac1 h6 15. Bd2 Be7 16. Rc3 f6 17. Rb3 Rb8 18. Rc1 O-O 19. Be3 fxe5 20. Nxe5 Nxe5 21. dxe5 b6 22. Rc7 Bc5 23. Rxa7 d4 24. Bd2 d3+ 25. Rxd3 Rf3 26. gxf3 1-0